 Dungeon Crawl Stone Soup version 0.23.2 (webtiles) character file.

Game seed: 14147903034407613076

2171 Marnok the Poker (level 8, -1/67 HPs)
             Began as a Demigod Fighter on Apr 11, 2019.
             Killed by divine providence
             ... invoked by an orc priest
              (11 damage)
             ... on level 7 of the Dungeon.
             The game lasted 00:23:39 (7336 turns).

Marnok the Poker (Demigod Fighter)                  Turns: 7336, Time: 00:23:40

Health: -1/67      AC: 17    Str: 21    XL:     8   Next: 86%
Magic:  11/11      EV: 20    Int: 12    God:
Gold:   49         SH: 11    Dex: 22    Spells: 6/7 levels left

rFire    + + .     SeeInvis .   g - +4 spear
rCold    x x .     Gourm    .   c - +0 shield
rNeg     . . .     Faith    .   C - +4 troll leather armour {Purgy}
rPois    .         Spirit   .   z - +2 helmet of the Stars {+Fly rF+ rC-}
rElec    .         Reflect  .   F - +1 cloak
rCorr    .         Harm     .   p - +2 pair of gloves
MR       .....                  (no boots)
Stlth    ++++......             i - amulet of rage
HPRegen  0.61/turn              j - +2 ring of evasion
MPRegen  0.12/turn              G - ring of fire

@: agile, about to teleport, studying Unarmed Combat
A: high mp 1
a: Evoke Berserk Rage, Evoke Flight


You were on level 7 of the Dungeon.
You were hungry.

You visited 1 branch of the dungeon, and saw 7 of its levels.
You also visited: Sewer.

You collected 489 gold pieces.
You spent 440 gold pieces at shops.

Inventory:

Hand Weapons
 a - a +0 trident
 g - a +4 spear (weapon)
 w - a +0 spear of pain
 y - a +1 halberd of chaos
Missiles
 e - 4 tomahawks of dispersal (quivered)
 n - 5 exploding tomahawks
Armour
 b - a +0 scale mail
 c - a +0 shield (worn)
 p - a +2 pair of gloves (worn)
 s - a +2 leather armour of cold resistance
 z - the +2 helmet of the Stars (worn) {+Fly rF+ rC-}
   (You found it on level 6 of the Dungeon)

   It protects you from fire.
   It makes you vulnerable to cold.
   It lets you fly.
 C - a +4 troll leather armour (worn) {Purgy}
 F - a +1 cloak (worn)
 H - a cursed +0 ring mail
Jewellery
 i - an amulet of rage (around neck)
 j - a +2 ring of evasion (left hand)
 x - an uncursed amulet of the gourmand
 G - a ring of fire (right hand)
Wands
 d - a wand of disintegration (15)
 r - a wand of random effects (18)
Scrolls
 k - a scroll of identify
 l - a scroll of random uselessness
 u - 2 scrolls of fog
 v - a scroll of magic mapping
 B - a scroll of blinking
Potions
 h - 2 potions of degeneration
 m - a potion of flight {unknown}
 o - a potion of magic {unknown}
 t - 2 potions of mutation
 D - a potion of agility
Books
 A - a manual of Unarmed Combat
Comestibles
 f - 8 rations
 E - 10 chunks of flesh


   Skills:
 + Level 4.5 Fighting
 + Level 6.6 Polearms
 + Level 4.4 Armour
 + Level 4.0 Dodging
 + Level 3.3 Stealth
 + Level 5.5 Shields
 + Level 1.0 Evocations


You had 6 spell levels left.
You knew the following spells:

 Your Spells              Type           Power        Failure   Level  Hunger
a - Apportation           Tloc           #.....       78%         1    ##.....

Your spell library contained the following spells:

 Spells                   Type           Power        Failure   Level  Hunger
 Animate Skeleton         Necr           N/A          78%         1    ##.....
 Confusing Touch          Hex            #.....       78%         1    ##.....
 Infusion                 Chrm           #...         78%         1    ##.....
 Magic Dart               Conj           #...         78%         1    ##.....
 Summon Small Mammal      Summ           #...         78%         1    ##.....
 Searing Ray              Conj           #.....       89%         2    ###....
 Shroud of Golubria       Chrm/Tloc      #.........   89%         2    ###....
 Song of Slaying          Chrm           #.......     89%         2    ###....
 Confuse                  Hex            #.......     98%         3    ####...
 Dazzling Spray           Conj/Hex       #.....       98%         3    ####...
 Gell's Gravitas          Tloc           #.........   98%         3    ####...
 Portal Projectile        Hex/Tloc       #.....       98%         3    ####...
 Regeneration             Chrm/Necr      #.........   98%         3    ####...
 Spectral Weapon          Hex/Chrm       #.......     98%         3    ####...
 Force Lance              Conj/Tloc      #.......     100%        4    #####..
 Fulminant Prism          Conj/Hex       #.........   100%        4    #####..
 Iskenderun's Mystic Bla  Conj           #.......     100%        4    #####..
 Petrify                  Tmut/Erth      #.......     100%        4    #####..
 Metabolic Englaciation   Hex/Ice        #.........   100%        5    ######.
 Yara's Violent Unravell  Hex/Tmut       #.........   100%        5    ######.
 Dispersal                Tloc           #.........   100%        6    #######
 Controlled Blink         Tloc           N/A          100%        8    #######
 Disjunction              Tloc           #.........   100%        8    #######


Dungeon Overview and Level Annotations

Branches:
Dungeon (7/15)             Temple (0/1) D:5

Shops:
D:6 :}


Innate Abilities, Weirdness & Mutations

You have an increased reservoir of magic. (+10% MP)


Message History

You barely miss the orc warrior.
The orc warrior is lightly wounded.
The hound bites you but does no damage. You block the orc warrior's attack.
You barely miss the orc warrior.
The orc warrior is lightly wounded.
The hound closely misses you.
The orc warrior hits you with a +0 war axe!
The hound bites you but does no damage.
The orc priest calls down the wrath of Beogh upon you.
Beogh smites you!
* * * LOW HITPOINT WARNING * * *
It was a potion of agility.
You feel agile all of a sudden. The hound bites you but does no damage.
As you read the scroll of teleportation, it crumbles to dust.
You feel strangely unstable. You block the hound's attack.
You block the orc warrior's attack. The hound barely misses you.
The orc priest invokes the aid of Beogh against you.
Beogh smites you!
You die...

.. #................. ...#
##................
....####.................
.....#...................
...............รท.........
.......<...###...........
..##.....### ##.......#..
####h## ##.....##.
##@######..........
##ooo............"
##o..............
######..........
###........ ##.......
#...... ..... ..#


You could see an orc warrior, a hound, an orc priest and 2 orcs.

Vanquished Creatures
  Pikel (D:5)
  A water moccasin (D:6)
  An orc warrior (D:6)
  Purgy (Sewer)
  An ice beast (D:7)
  A phantom (D:3)
  2 big kobolds (D:4)
  The ghost of rzd the Digger, an amateur GrEE of Dithmenos (D:4)
  2 bullfrogs
  A scorpion (D:4)
  A bullfrog zombie (D:4)
  2 bullfrog skeletons
  2 hounds
  4 orc wizards (D:6)
  Ijyb (D:3)
  Terence (D:3)
  4 worker ants
  16 gnolls (D:4)
  10 adders
  A shadow imp (D:6)
  An ooze (D:4)
  An adder zombie (D:5)
  An adder skeleton (D:6)
  3 dart slugs
  8 leopard geckos
  16 orcs
  5 bats
  13 giant cockroaches
  36 goblins
  23 hobgoblins
  5 jackals (D:1)
  3 kobolds
  A quokka (D:5)
  2 ball pythons
  2 frilled lizards
  8 rats
182 creatures vanquished.

Vanquished Creatures (others)
  An ogre (D:5)
  A shadow imp (D:5)
  2 plants (D:4)
4 creatures vanquished.

Grand Total: 186 creatures vanquished

Notes
Turn   | Place    | Note
-------+----------+-------------------------------------------
     0 | D:1      | Marnok the Demigod Fighter began the quest for the Orb.
     0 | D:1      | Reached XP level 1. HP: 18/18 MP: 3/3
   334 | D:1      | Reached XP level 2. HP: 20/25 MP: 4/4
  1261 | D:2      | Reached XP level 3. HP: 27/31 MP: 5/5
  1271 | D:2      | Reached skill level 2 in Polearms
  2291 | D:3      | Noticed Ijyb
  2300 | D:3      | Reached XP level 4. HP: 35/38 MP: 6/6
  2327 | D:3      | Killed Ijyb
  2359 | D:3      | Noticed Terence
  2375 | D:3      | Killed Terence
  2376 | D:3      | Reached skill level 1 in Dodging
  2378 | D:3      | Reached skill level 3 in Polearms
  2535 | D:3      | Noticed a phantom
  2579 | D:3      | Killed a phantom
  2579 | D:3      | Reached XP level 5. HP: 30/45 MP: 7/7
  2747 | D:3      | Found a stormy altar of Qazlal.
  2749 | D:3      | Noticed an air elemental
  2750 | D:3      | Noticed a water elemental
  2750 | D:3      | Noticed a fire elemental
  3499 | D:4      | Reached XP level 6. HP: 51/52 MP: 8/8
  3987 | D:4      | Reached skill level 4 in Polearms
  4211 | D:4      | Reached XP level 7. HP: 49/58 MP: 9/9
  4420 | D:4      | Found a transporter.
  4473 | D:4      | Found a transporter.
  4855 | D:4      | Noticed rzd's ghost (amateur GrEE)
  5059 | D:4      | Killed rzd's ghost
  5059 | D:4      | Reached skill level 1 in Stealth
  5070 | D:4      | Reached skill level 5 in Polearms
  5310 | D:5      | Entered Level 5 of the Dungeon
  5372 | D:5      | Found a glowing drain.
  5396 | Sewer    | Entered a sewer
  5482 | Sewer    | Noticed Purgy
  5497 | Sewer    | Killed Purgy
  5641 | D:5      | Found a staircase to the Ecumenical Temple.
  5641 | D:5      | Noticed Pikel
  5685 | D:5      | Killed Pikel
  5685 | D:5      | Reached skill level 5 in Shields
  5685 | D:5      | Reached XP level 8. HP: 14/67 MP: 10/10
  6309 | D:6      | Got an encrusted helmet
  6315 | D:6      | Identified the +2 helmet of the Stars {+Fly rF+ rC-} (You
                  | found it on level 6 of the Dungeon)
  6658 | D:6      | Reached skill level 6 in Polearms
  6727 | D:6      | Found Woytinnepoe's Book Shoppe.
  6742 | D:6      | Bought a book of Battle for 440 gold pieces
  6744 | D:6      | Learned a level 1 spell: Apportation
  6824 | D:6      | Reached skill level 1 in Evocations
  7030 | D:6      | Found a shadowy altar of Dithmenos.
  7161 | D:6      | Found a glowing silver altar of Zin.
  7161 | D:6      | Found a shattered altar of Ashenzari.
  7204 | D:6      | Found Doucrud's Gadget Emporium.
  7336 | D:7      | Killed from afar by an orc priest

Skill      XL: |  1  2  3  4  5  6  7  8 |
---------------+-------------------------+-----
Fighting       | 3 4 |  4.5
Armour         | 3 4 |  4.4
Shields        | 3 4 5 |  5.5
Polearms       | 2 3 4 5 6 |  6.6
Dodging        | 1 2 3 4 |  4.0
Stealth        | 2 3 |  3.3
Evocations     | 1 |  1.0

Action                   |  1- 3 |  4- 6 |  7- 9 || total
-------------------------+-------+-------+-------++-------
Melee: Trident           |   166 |   214 |       ||   380
       Spear             |       |    79 |   305 ||   384
 Abil: Evoke Berserk Rag |       |     3 |       ||     3
       Evoke Flight      |       |       |     1 ||     1
  Use: Potion            |       |     5 |     4 ||     9
       Scroll            |       |     2 |    14 ||    16
 Stab: Sleeping          |       |     1 |     8 ||     9
       Invisible         |       |       |     3 ||     3
  Eat: Chunk             |     5 |     6 |     3 ||    14
       Ration            |       |     1 |     2 ||     3
Armor: Scale mail        |    98 |    11 |       ||   109
       Leather armour    |       |   108 |    37 ||   145
       Troll leather arm |       |       |    34 ||    34
Dodge: Dodged            |    57 |   186 |   139 ||   382
Block: Shield            |    93 |   202 |   155 ||   450
